 Dungeon Sprint DCSS version 0.31-a0-1074-g0b22e4e0f1 (webtiles) character file.

Game seed: 15564404004071394510

3035 sircluck the Grappler (level 9, -2/105 HPs)
             Began as a Troll Berserker on Dec 4, 2023.
             Was a Priest of Trog.
             Slain by a queen bee (4 damage)
             ... called by a spriggan druid
             ... while paralysed
             ... in the Dungeon (Sprint IV: "Fedhas' Mad Dash").
             The game lasted 00:07:15 (857 turns).

sircluck the Grappler (Troll Berserker)              Turns: 857, Time: 00:07:15

Health: -2/105     AC:  4    Str: 29 (31) XL:     9   Next: 56%
Magic:  0/8        EV:  1    Int:  0 (3)  God:    Trog [***...]
Gold:   202        SH:  0    Dex:  6 (9)  Spells: 8/8 levels left

rFire   . .          .
                       - Unarmed
rCold   . . .        (no shield)
rNeg    . . .        a - +0 animal skin
rPois   .            (helmet restricted)
rElec   .            (no cloak)
rCorr   .            (gloves unavailable)
SInv    .            (boots unavailable)
Will    .....        h - amulet of invisibility {+Inv}
Stlth   +            (no ring)
HPRegen 1.17/turn    (no ring)
MPRegen 0.11/turn

%: no teleportation
@: paralysed, on berserk cooldown, slowed, lost intelligence, unable to read
A: large, unfitting armour, claws 3, regeneration 1, shaggy fur 1, tough skin 1
a: Renounce Religion, Evoke Invisibility, Berserk, Trog's Hand


You were in the Dungeon.
You worshipped Trog.
Trog was most pleased with you.
You visited 1 branch You collected 202 gold pieces.

Inventory:

Missiles
 i - 5 stones
Armour
 a - a +0 animal skin (worn)
Jewellery
 h - the amulet of invisibility (around neck) {+Inv}
   (You found it in the Dungeon)

   [amulet of nothing]

   +Inv:      It lets you turn invisible.
Scrolls
 k - a scroll of poison {unknown}
Potions
 b - a potion of curing
 c - a potion of heal wounds
 d - a potion of haste
 e - 2 potions of magic
 f - a potion of berserk rage
 j - a potion of might {unknown}


   Skills:
 + Level 11.3 Fighting
 + Level 11.2 Dodging
 + Level 13.2 Unarmed Combat


You had 8 spell levels left.
You didn't know any spells.
Your spell library was empty.

Dungeon Overview and Level Annotations

Branches:
Dungeon (1/1)

Altars:
Cheibriados
Dithmenos
Elyvilon
Gozag
Hepliaklqana
Kikubaaqudgha
Makhleb
Nemelex Xobeh
Okawaru
Qazlal
Ru
Sif Muna
Trog
Uskayaw
Vehumet
Wu Jian
Xom
Yredelemnul
Zin
The Shining One
Jiyva
Lugonu

Shops:
D ![:=


Innate Abilities, Weirdness & Mutations

You are too large for most types of armour.
You have claws for hands.
Your natural rate of healing is unusually fast.
You are covered in fur. (AC +1)
You have tough skin. (AC +1)


Message History

Something hits you!
* * * LOW HITPOINT WARNING * * *
You feel clumsy. Something stings you.
* * * LOW HITPOINT WARNING * * *
You feel clumsy.
Things that are here:
a +0 quarterstaff; a +0 robe Unknown command.
Unknown command.
Unknown command.
You feel much better.
You feel you are being watched by something.
Something hits you! x2
* * * LOW HITPOINT WARNING * * *
Something stings you.
* * * LOW HITPOINT WARNING * * *
You feel dopey.
Unknown command.
Unknown command.
Unknown command.
Blink to where?
Press: ? - help, Q - select action, (/) - cycle Dir - move target A queen bee comes into view.
As you read the scroll of blinking, it crumbles to dust.
The queen bee buzzes angrily.
The queen bee closely misses you.
The queen bee moves out of view.
Your two-headed ogre goes berserk!
You can no longer call in reinforcements.
You feel you are being watched by something.
Something hits you.
* * * LOW HITPOINT WARNING * * *
You feel dopey.
You have lost your intelligence.
Something hits you!
* * * LOW HITPOINT WARNING * * *
You feel clumsy. Something stings you.
* * * LOW HITPOINT WARNING * * *
The queen bee stings you.
You die...

#################################
†...#.....#.⌠._._._._.⌠.#..'[..#.
:...'.#...'.._._._._._..'..#[..#.
....#.#...#..._._._._...#..###†##
########†##.._._._._._..#.[##∩∩.'
......'...#._._._._._.⌠.#########
♣.....#...###############
..♣..######♣♣♣♣♣@O♣?#
'######.|'.....{♣y.♣#
.'.......#♣..♣♣♣.♣).#
##.......#.♣♣..♣.{$♣+
###################


You could see a queen bee and a friendly two-headed ogre (summoned, berserk).

Vanquished Creatures
  A spriggan druid (D)
  An oklob plant (D)
  A queen bee (D)
  2 burning bushes (D)
  3 scorpions (D)
  2 killer bees (D)
  2 wandering mushrooms (D)
  4 oklob saplings (D)
  2 spriggans (D)
  A river rat (D)
  A rat (D)
20 creatures vanquished.

Vanquished Creatures (collateral kills)
  An oklob plant (D)
  A burning bush (D)
  A wandering mushroom (D)
  2 killer bees (D)
  An oklob sapling (D)
6 creatures vanquished.

Grand Total: 26 creatures vanquished

Notes
Turn   | Place    | Note
-------+----------+-------------------------------------------
     0 | D        | sircluck the Troll Berserker began the quest for the Orb.
     0 | D        | Reached XP level 1. HP: 22/22 MP: 0/0
     9 | D        | Reached XP level 2. HP: 24/31 MP: 1/1
    21 | D        | Noticed an oklob sapling
    24 | D        | Killed an oklob sapling
    24 | D        | Reached ** piety under Trog
    25 | D        | Reached skill level 4 in Unarmed Combat
    25 | D        | Reached XP level 3. HP: 39/39 MP: 2/2
    26 | D        | Noticed a scorpion
    26 | D        | Found the amulet of invisibility {+Inv}
    30 | D        | Killed a scorpion
    31 | D        | Reached skill level 5 in Unarmed Combat
    31 | D        | Reached XP level 4. HP: 40/49 MP: 3/3
    84 | D        | Reached skill level 5 in Fighting
    84 | D        | Reached skill level 5 in Dodging
    84 | D        | Reached skill level 6 in Unarmed Combat
    98 | D        | Found an opulent altar of Gozag.
    98 | D        | Found a hazy altar of Hepliaklqana.
    98 | D        | Found a burning altar of Makhleb.
    98 | D        | Found a sparkling altar of Nemelex Xobeh.
    98 | D        | Found a snail-covered altar of Cheibriados.
    98 | D        | Found a sacrificial altar of Ru.
    98 | D        | Found a shimmering blue altar of Sif Muna.
    98 | D        | Found a shimmering altar of Xom.
    98 | D        | Found a basalt altar of Yredelemnul.
    99 | D        | Found a viscous altar of Jiyva.
    99 | D        | Found a bloodstained altar of Trog.
    99 | D        | Found an ornate altar of the Wu Jian Council.
   121 | D        | Found an iron altar of Okawaru.
   121 | D        | Found a glowing silver altar of Zin.
   121 | D        | Found a shadowy altar of Dithmenos.
   139 | D        | Found a hide-covered altar of Uskayaw.
   139 | D        | Found an ancient bone altar of Kikubaaqudgha.
   140 | D        | Found a stormy altar of Qazlal.
   140 | D        | Found a glowing golden altar of the Shining One.
   140 | D        | Found a white marble altar of Elyvilon.
   141 | D        | Found a radiant altar of Vehumet.
   141 | D        | Found a corrupted altar of Lugonu.
   147 | D        | Reached XP level 5. HP: 43/59 MP: 4/4
   166 | D        | Reached *** piety under Trog
   167 | D        | Reached skill level 7 in Unarmed Combat
   177 | D        | Reached XP level 6. HP: 68/68 MP: 5/5
   178 | D        | Reached **** piety under Trog
   179 | D        | Reached skill level 8 in Unarmed Combat
   210 | D        | Found Hocio's Antique Armour Shop.
   210 | D        | Found Saygaeggyr's Distillery.
   219 | D        | Noticed a burning bush
   219 | D        | Noticed a wandering mushroom
   220 | D        | Noticed a wandering mushroom
   330 | D        | Killed a wandering mushroom
   331 | D        | Reached skill level 9 in Unarmed Combat
   351 | D        | Killed a burning bush
   352 | D        | Reached XP level 7. HP: 32/81 MP: 6/6
   396 | D        | Found Loalaur's Jewellery Emporium.
   396 | D        | Found Yxeorit's Book Shoppe.
   443 | D        | Noticed a queen bee
   452 | D        | Reached skill level 10 in Unarmed Combat
   602 | D        | Killed a queen bee
   603 | D        | Reached XP level 8. HP: 74/92 MP: 7/7
   651 | D        | Noticed an oklob plant
   659 | D        | Killed an oklob plant
   660 | D        | Reached skill level 11 in Unarmed Combat
   730 | D        | Noticed a burning bush
   735 | D        | Killed a burning bush
   735 | D        | Reached ***** piety under Trog
   736 | D        | Reached skill level 10 in Fighting
   745 | D        | Noticed a burning bush
   745 | D        | Noticed an oklob plant
   769 | D        | Killed a burning bush
   770 | D        | Reached skill level 10 in Dodging
   770 | D        | Reached skill level 12 in Unarmed Combat
   775 | D        | Noticed a wandering mushroom
   780 | D        | Killed a wandering mushroom
   781 | D        | Reached XP level 9. HP: 77/102 MP: 8/8
   783 | D        | Killed an oklob plant
   825 | D        | Noticed a spriggan druid
   836 | D        | Killed a spriggan druid
   837 | D        | Reached skill level 13 in Unarmed Combat
   855 | D        | Noticed a queen bee
   856 | D        | Lost intelligence.
   856 | D        | HP: 5/105 [something (13)]
   856 | D        | HP: 1/105 [something (4)]
   857 | D        | Slain by a queen bee

Illustrated notes

Levels and vault maps discovered:
D:        dungeon_sprint_fedhas [sprint_temple]

Skill      XL: |  1  2  3  4  5  6  7  8  9 |
---------------+----------------------------+-----
Fighting       | 3 4 5 6 8 9 10 11 | 11.3
Dodging        | 3 4 5 6 8 9 10 11 | 11.2
Unarmed Combat | 4 5 6 7 9 10 12 13 | 13.2

Action                     |  1- 3 |  4- 6 |  7- 9 || total
---------------------------+-------+-------+-------++-------
  Melee: Unarmed           |    12 |    33 |    28 ||    73
         Punch             |     1 |     1 |     2 ||     4
 Invoke: Berserk           |       |     1 |     1 ||     2
         Brothers in Arms  |       |       |     4 ||     4
Ability: Evoke Invisibilit |       |     1 |       ||     1
    Use: Scroll            |       |       |     1 ||     1
         Potion            |       |       |     1 ||     1
   Stab: Distracted        |       |       |     1 ||     1
 Armour: Animal skin       |     8 |    22 |    42 ||    72
  Dodge: Dodged            |     2 |    13 |    14 ||    29

Table legend: (Time is in decaauts)
 A = Elapsed time spent in this place.
 B = Non-inter-level travel time spent in this place.
 C = Inter-level travel time spent in this place.
 D = Time resting spent in this place.
 E = Time spent auto-exploring this place.
 F = Levels seen in this place.
 G = Mean time per level.
                   A        B        C        D        E       F      G
               +--------+--------+--------+--------+--------+-----+--------+
         Total |    857 |    856 |      1 |    419 |     89 |   1 |  857.0 |
       Dungeon |    857 |    856 |      1 |    419 |     89 |   1 |  857.0 |
               +--------+--------+--------+--------+--------+-----+--------+

Top non-repeatable levels by time:
       D: 857 daAuts
